 Dungeon Crawl Stone Soup version 0.28.0-53-g5a82cb258f (webtiles) character file.

Game seed: 3435601405194168368

124 Sin92 the Skirmisher (level 4, -4/36 HPs)
             Began as a Demonspawn Fighter on June 13, 2022.
             Succumbed to Crazy Yiuf's poison
             ... on level 2 of the Dungeon.
             The game lasted 00:01:31 (1821 turns).

Sin92 the Skirmisher (Demonspawn Fighter)           Turns: 1821, Time: 00:01:32

Health: -4/36      AC: 11    Str: 24    XL:     4   Next: 81%
Magic:  4/4        EV:  6    Int: 10    God:
Gold:   110        SH:  4    Dex: 12    Spells: 3/3 levels left

rFire   + . .      SeeInvis .   a - +0 war axe
rCold   + . .      Faith    .   c - +0 buckler
rNeg    . . .      Spirit   .   f - +0 plate armour
rPois   +          Reflect  .   (helmet restricted)
rElec   +          Harm     .   (no cloak)
rCorr   +          Rampage  .   (no gloves)
Will    .....                   (no boots)
Stlth   ..........              (no amulet)
HPRegen 0.12/turn               l - +6 ring of strength
MPRegen 0.09/turn               (no ring)

@: mighty, lethally poisoned (-4 -> -29), resistant, hasted, very quick
A: antennae 2, foul stench 1
a: no special abilities


You were on level 2 of the Dungeon.
You visited 1 branch of the dungeon, and saw 2 of its levels.

You collected 110 gold pieces.

Inventory:

Hand Weapons
 a - a +0 war axe (weapon)
Armour
 b - a +0 scale mail
 c - a +0 buckler (worn)
 f - a +0 plate armour (worn)
Jewellery
 l - a +6 ring of strength (left hand)
Scrolls
 e - a scroll of identify {unknown}
 g - a scroll of summoning {unknown}
 h - 2 scrolls of teleportation {unknown}
 j - a scroll of enchant weapon {unknown}
Potions
 i - a potion of heal wounds {unknown}
 m - a potion of resistance


   Skills:
 + Level 3.6 Fighting
 + Level 2.5 Axes
 + Level 3.3 Armour
 + Level 1.6 Dodging
 + Level 3.2 Shields


You had 3 spell levels left.
You didn't know any spells.
Your spell library contained the following spells:

 Spells                   Type           Power      Damage    Failure   Level
 Sting                    Tmut/Pois      0%         1d3       100%        1
 Poisonous Vapours        Pois/Air       0%         N/A       100%        2
 Olgreb's Toxic Radiance  Pois           0%         N/A       100%        4


Dungeon Overview and Level Annotations

Branches:
Dungeon (2/15)

Altars:
Nemelex Xobeh

Annotations:
D:2 Crazy Yiuf


Innate Abilities, Weirdness & Mutations

You have a pair of antennae on your head.
You may rarely emit foul miasma when damaged in melee.


Message History

Crazy Yiuf says, "Line!"
You barely miss Terence.
Terence is moderately wounded.
Terence barely misses you.
You barely miss Terence.
Terence is moderately wounded.
You block Terence's attack. Terence hits you with a +0 morningstar.
Crazy Yiuf cries, "Earwax!"
You hit Terence.
Terence is severely wounded.
Terence hits you with a +0 morningstar!
You hit Terence.
Terence is almost dead.
Terence closely misses you.
Crazy Yiuf flaps his cloak.
Terence closely misses you.
You slash Terence!
You kill Terence!
Crazy Yiuf hits you but does no damage.
You hit Crazy Yiuf.
Crazy Yiuf is moderately wounded.
Crazy Yiuf hits you with a +3 quarterstaff of chaos.
You are lethally poisoned!
You slash Crazy Yiuf!
Crazy Yiuf is severely wounded.
* * * LOW HITPOINT WARNING * * *
You feel very sick. You block Crazy Yiuf's attack.
Crazy Yiuf hits you with a +3 quarterstaff of chaos.
* * * LOW HITPOINT WARNING * * *
You are more poisoned.
It was a potion of resistance.
You feel protected.
* * * LOW HITPOINT WARNING * * *
You feel very sick.
Crazy Yiuf hits you with a +3 quarterstaff of chaos.
* * * LOW HITPOINT WARNING * * *
You are more poisoned.
It was a potion of haste.
You feel yourself speed up.
You die...

###
###'..+###.#...#.#
#### ###.## #....#
#.#...#.# ...#
#..#.# ♣♣...♣
#.......####
##.####.#### ♣...♣
####.......#
.......## ♣♣.♣♣
#.....###.#
.#.####.#### ♣♣.♣
#.###..##.# ##.#
#..#.# ♣.♣♣ #.#
#...... ##>#
#.#.## ♣♣.♣
#.###...#.. ...#
#....# ♣@♣♣
#.......... ####
###### #g#
##.#.##..### ...
#.⌠.⌠....### #...#
#......#.... #)..#
##.._..##### #####
#.....# ###
#....⌠# #..
######.....# #.#
#...##.....# #..


You could see Crazy Yiuf.

Vanquished Creatures
  Terence (D:2)
  3 gnolls (D:2)
  3 adders (D:2)
  5 ball pythons
  4 bats
  3 endoplasms
  A giant cockroach (D:1)
  3 goblins
  7 hobgoblins
  4 jackals (D:1)
  A quokka (D:2)
  4 frilled lizards
  2 kobolds
  2 rats (D:2)
43 creatures vanquished.

Notes
Turn   | Place    | Note
-------+----------+-------------------------------------------
     0 | D:1      | Sin92 the Demonspawn Fighter began the quest for the Orb.
     0 | D:1      | Reached XP level 1. HP: 18/18 MP: 1/1
   564 | D:1      | Gained mutation: You have a pair of small antennae on your
                  | head. [demonic ancestry]
   564 | D:1      | Reached XP level 2. HP: 23/24 MP: 2/2
   894 | D:2      | Reached skill level 1 in Dodging
   894 | D:2      | Gained mutation: You may rarely emit foul miasma when
                  | damaged in melee. [demonic ancestry]
   894 | D:2      | Reached XP level 3. HP: 29/29 MP: 3/3
  1107 | D:2      | Gained mutation: You have a pair of antennae on your head.
                  | [demonic ancestry]
  1107 | D:2      | Reached XP level 4. HP: 20/35 MP: 4/4
  1582 | D:2      | Found a faded altar of an unknown god.
  1604 | D:2      | Found a sparkling altar of Nemelex Xobeh.
  1805 | D:2      | Found a runed translucent door.
  1806 | D:2      | Noticed Crazy Yiuf
  1807 | D:2      | Noticed Terence
  1817 | D:2      | Killed Terence
  1820 | D:2      | HP: 1/36 [Crazy Yiuf/+3 quarterstaff of chaos (1)]
  1821 | D:2      | Succumbed to Crazy Yiuf's poison

Illustrated notes

Levels and vault maps discovered:
D:1:      scummos_arrival_gate, layout_basic
D:2:      layout_loops_cross, hellmonk_ecumenical_altar_run_dry, basic_altar,
          uniq_crazy_yiuf_cottage, uniq_terence

Skill      XL: |  1  2  3 |
---------------+----------+-----
Axes           | 2 |  2.5
Armour         | 3 |  3.3
Dodging        | 1 |  1.6
Shields        | 3 |  3.2
Fighting       | |  3.6

Action                   |  1- 3 |  4- 6 || total
-------------------------+-------+-------++-------
Melee: War axe           |    94 |    45 ||   139
  Use: Potion            |       |     3 ||     3
Armor: Plate armour      |   109 |    39 ||   148
       Scale mail        |     2 |       ||     2
Dodge: Dodged            |    24 |    25 ||    49
Block: Buckler           |    19 |    13 ||    32
